Map: Ephemeron LE

Players

Cure - Winner!

  • Race: Terran Terran
  • League: Master
  • Spawn Location: 11:00

DPGPartinG (PartinG)

  • Race: Protoss Protoss
  • League: Master
  • Spawn Location: 5:00

Event: HomeStory Cup XX

VOD

Have the link to the VOD?

Description

Time

  • Played on: Nov. 23, 2019, 4:43 p.m.
  • Length: 17:33

All games in this series

Show
View Real Time Build Order
Export as new Build Order

Cure Terran - Winner!

Build Orders: Gas First Reaper Expand 

Get SALT Encoding   

  12  0:00  SCV  
  13  0:12  SCV  
  14  0:16  Supply Depot  
  14  0:24  SCV  
  14  0:28  Refinery  
  15  0:38  SCV  
  16  0:44  Barracks  
  16  0:50  SCV  
  17  1:02  SCV  
  18  1:14  SCV  
  19  1:31  Orbital Command, Reaper  
  20  1:47  Command Center  
  20  1:54  Factory  
  20  1:58  SCV  
  21  2:05  Barracks Reactor  
  21  2:10  SCV  
  21  2:14  Supply Depot  
  22  2:16  Refinery  
  22  2:22  SCV  
  23  2:36  SCV  
  24  2:42  Hellion  
  24  2:43  Marine x2, Starport  
  28  2:48  SCV  
  26  2:58  Orbital Command  
  28  3:01  Marine x2  
  30  3:06  Hellion  
  30  3:09  SCV  
  33  3:19  Viking  
  35  3:20  Marine x2  
  35  3:26  SCV x2  
  39  3:28  Factory Tech Lab  
  38  3:38  Marine x2, SCV x2  
  38  3:50  SCV x2  
  38  3:56  Cyclone  
  38  4:02  Marine x2  
  42  4:06  Supply Depot  
  42  4:07  SCV  
  42  4:08  SCV  
  44  4:21  SCV x2  
  46  4:27  Marine x2  
  46  4:31  Mag-Field Accelerator, Cyclone  
  49  4:33  Medivac, SCV  
  49  4:34  SCV  
  49  4:35  Supply Depot  
  53  4:45  Marine x2, SCV  
  55  4:46  SCV  
  55  4:49  Supply Depot  
  57  4:58  SCV x2  
  55  5:03  Cyclone  
  55  5:06  Marine x2  
  59  5:10  SCV x2  
  59  5:22  SCV x2  
  59  5:25  Barracks  
  59  5:26  Viking, Barracks  
  59  5:27  Marine x2  
  65  5:34  SCV x2  
  65  5:35  Refinery  
  67  5:38  Supply Depot  
  67  5:46  Marine x2, SCV x2  
  70  5:54  Cyclone  
  73  6:00  Engineering Bay  
  73  6:01  SCV x2  
  75  6:04  Supply Depot  
  75  6:05  Marine  
  75  6:06  Marine  
  77  6:15  SCV  
  77  6:16  SCV  
  80  6:28  Starport Reactor  
  80  6:30  Barracks Tech Lab, SCV x2  
  80  6:32  Command Center  
  81  6:35  Marine x2  
  81  6:36  Marauder, Factory Reactor  
  83  6:40  Stimpack  
  83  6:43  SCV x2  
  74  6:52  Marauder  
  76  6:54  Missile Turret  
  76  7:00  SCV x2  
  76  7:01  Missile Turret  
  76  7:07  Marine  
  76  7:08  Marine, Marauder  
  76  7:12  SCV x2  
  76  7:13  Marauder  
  76  7:14  Combat Shield  
  76  7:25  Marine x2  
  76  7:29  Marauder, SCV x2  
  76  7:34  Marauder  
  78  7:40  Refinery  
  78  7:42  SCV x2  
  78  7:43  Barracks  
  80  7:45  Barracks  
  80  7:48  Orbital Command  
  76  7:53  Marauder  
  76  7:56  Marauder, Marine  
  76  8:00  SCV  
  77  8:06  Medivac  
  77  8:12  SCV  
  79  8:16  Medivac  
  81  8:20  Orbital Command  
  81  8:25  Marauder  
  83  8:27  Marauder  
  83  8:30  Terran Infantry Weapons Level 1  
  83  8:31  Marine x2  
  83  8:34  Barracks Tech Lab, Barracks Reactor  
  87  8:36  SCV  
  87  8:37  SCV  
  87  8:40  Orbital Command  
  87  8:42  Engineering Bay  
  87  8:46  Medivac  
  89  8:50  Supply Depot  
  89  8:51  Supply Depot  
  89  8:52  Marine  
  89  8:53  Marine, Marauder x3  
  89  8:54  SCV  
  89  8:55  SCV  
  99  8:57  Widow Mine  
  101  9:09  SCV x3  
  104  9:10  Marine x2  
  104  9:14  Marauder x2, Terran Infantry Armor Level 1  
  104  9:16  Marauder  
  112  9:20  Marine x2  
  112  9:21  SCV x3  
  117  9:25  Supply Depot  
  117  9:28  Supply Depot  
  114  9:32  Factory Reactor  
  114  9:35  Marauder  
  114  9:36  Marauder, Medivac  
  114  9:37  Marauder, SCV x2  
  114  9:38  SCV  
  122  9:45  Marine x2  
  122  9:46  Marine x2  
  124  9:55  Medivac  
  124  9:57  Marauder x2  
  124  9:58  SCV x3  
  124  9:59  Marauder  
  126  10:03  Refinery  
  126  10:04  Armory  
  126  10:05  Refinery  
  122  10:07  Marine x4  
  122  10:08  Concussive Shells  
  122  10:10  SCV  
  122  10:11  SCV  
  122  10:12  SCV  
  129  10:15  Medivac  
  129  10:16  Widow Mine x2  
  129  10:18  Marauder  
  129  10:19  Supply Depot  
  129  10:20  Marauder, Supply Depot  
  139  10:26  Marauder  
  141  10:40  Marine x4  
  141  10:41  Supply Depot  
  145  10:43  Starport  
  145  10:44  Supply Depot  
  145  10:46  Viking x2  
  140  10:50  Marine x2, Marauder  
  140  10:58  Marine  
  136  11:06  Marine x3  
  136  11:08  Marauder x2  
  129  11:12  Marauder  
  129  11:16  Viking  
  131  11:20  Marine  
  131  11:24  Marine x3  
  138  11:31  Marine  
  138  11:32  Marauder, Marine  
  136  11:38  Marine  
  134  11:49  Marine x3  
  62  12:55  Command Center  
  62  12:58  Barracks  
  34  13:52  Barracks Tech Lab  
  34  13:56  Barracks Tech Lab  
  28  14:10  Barracks Reactor  
  28  14:18  Marauder x2  
  30  14:27  Marauder  
  32  14:39  Marauder  
  32  14:40  Marauder  
  36  14:48  Marauder  
  36  15:05  Marauder x2  
  40  15:10  Marauder  
Show
View Real Time Build Order
Export as new Build Order

DPGPartinG Protoss 

Build Orders: 1 Gate Expand, Oracle Opening 

Get SALT Encoding   

  12  0:00  Probe  
  13  0:12  Probe  
  14  0:17  Pylon  
  14  0:24  Probe  
  15  0:32  Probe  
  15  0:37  Gateway  
  15  0:40  Probe  
  16  0:46  Assimilator  
  17  0:51  Probe  
  18  1:03  Probe  
  19  1:15  Probe  
  20  1:23  Cybernetics Core  
  20  1:33  Nexus  
  20  1:41  Pylon  
  20  1:44  Probe  
  21  1:49  Adept  
  21  1:51  Assimilator  
  21  1:56  Probe  
  24  2:05  Pylon  
  24  2:09  Adept, Probe  
  27  2:26  Stargate  
  27  2:30  Probe  
  27  2:33  Warp Gate  
  28  2:41  Adept  
  28  2:43  Probe  
  28  2:44  Probe  
  32  2:52  Probe  
  32  2:55  Probe  
  34  3:00  Oracle, Probe  
  35  3:07  Probe  
  35  3:12  Probe  
  40  3:19  Probe  
  41  3:24  Probe  
  42  3:31  Probe  
  43  3:36  Probe  
  43  3:40  Oracle  
  40  3:43  Probe  
  40  3:48  Probe  
  35  3:55  Probe  
  35  3:56  Probe  
  37  4:04  Probe  
  37  4:07  Probe  
  37  4:09  Phoenix  
  39  4:12  Gateway  
  39  4:14  Gateway  
  39  4:16  Probe  
  39  4:20  Probe  
  39  4:23  Stalker  
  45  4:29  Pylon  
  45  4:30  Probe  
  44  4:32  Probe  
  44  4:38  Twilight Council  
  45  4:42  Assimilator, Probe  
  45  4:44  Probe  
  47  4:55  Probe  
  47  4:56  Probe  
  47  4:57  Blink  
  49  5:02  Stalker  
  49  5:06  Stalker  
  51  5:07  Probe  
  51  5:08  Probe  
  51  5:19  Probe  
  51  5:20  Probe  
  53  5:24  Pylon  
  53  5:33  Stalker  
  55  5:35  Probe  
  55  5:36  Probe  
  55  5:47  Stalker x2  
  59  5:51  Probe x2  
  59  5:54  Pylon  
  61  6:06  Nexus  
  61  6:07  Pylon  
  61  6:13  Probe  
  61  6:14  Probe  
  61  6:17  Sentry x2  
  67  6:20  Stalker  
  69  6:26  Probe x2  
  69  6:31  Robotics Facility  
  69  6:41  Stalker x2  
  69  6:46  Probe x2  
  71  6:48  Stalker  
  72  6:57  Pylon  
  72  6:58  Pylon  
  72  7:03  Pylon  
  72  7:19  Nexus  
  72  7:20  Pylon  
  72  7:23  Pylon  
  72  7:26  Probe x2  
  74  7:30  Assimilator  
  74  7:33  Observer, Robotics Bay  
  69  7:38  Probe x2  
  71  7:49  Stalker x3  
  71  7:51  Probe  
  76  7:57  Probe  
  77  7:59  Warp Prism  
  77  8:03  Probe  
  78  8:09  Probe  
  79  8:15  Probe  
  79  8:16  Pylon, Charge  
  80  8:22  Probe  
  80  8:24  Colossus  
  81  8:27  Probe  
  81  8:33  Stalker  
  81  8:34  Stalker  
  86  8:37  Probe x2  
  86  8:39  Probe  
  95  8:42  Stalker  
  97  8:49  Probe  
  97  8:51  Probe  
  97  8:53  Gateway  
  97  8:55  Gateway  
  97  9:03  Probe  
  97  9:05  Extended Thermal Lance  
  97  9:08  Zealot x3  
  102  9:11  Colossus  
  102  9:17  Gateway  
  102  9:20  Assimilator  
  102  9:21  Gateway  
  108  9:34  Sentry x2, Zealot  
  110  9:47  Stalker  
  109  9:55  Shield Battery  
  109  9:57  Shield Battery  
  99  10:00  Pylon, Sentry x2  
  99  10:01  Zealot  
  99  10:03  Shield Battery  
  99  10:05  Pylon  
  105  10:08  Observer  
  105  10:12  Gateway  
  105  10:15  Probe  
  106  10:24  Stalker x4  
  106  10:25  Zealot  
  116  10:35  Stalker  
  118  10:51  Stalker x7  
  91  11:49  Nexus  
  80  12:02  Observer  
  68  12:13  Stalker x3  
  68  12:14  Observer  
Tags
 
Add a new tag
Caveats
  • Supply blocks, unpowered buildings, or Contaminate may cause inaccurate times.
  • Supply counts are checked every 10 seconds.